AoeStats
← LILtrashbucket

Arabia

510379630Analyzed
1v1 RM · 1d ago on Sep 30, 2026· 33m 56s· 2 players
Game mode
Random Map
Map size
Tiny (2 player)
Population
200
Speed
Normal
Resources
Standard
Victory
Conquest
Starting age
Dark Age
Ending age
Imperial Age
RankedLock teamsTeams togetherTeam positionsShared explorationLock speedFull tech treeHidden civsTurbo modeCheats
Victory
Defeat
🇺🇸 Byzantines · United States
1316
+15
🇺🇸 Teutons · United States
1290
-15
Fiore del parmigiano
7:18 Loom
10:40 Feudal Age
11:08 Double-Bit Axe
11:07 Horse Collar
19:15 Castle Age
18:11 Scale Barding Armor
20:55 Forging
20:57 Bow Saw
24:17 Wheelbarrow
23:30 Pikeman
24:53 Scale Mail Armor
26:28 Squires
26:45 Chain Mail Armor
27:51 Fletching
LILtrashbucket
7:09 Loom
10:00 Feudal Age
10:54 Double-Bit Axe
13:40 Forging
17:01 Horse Collar
21:09 Castle Age
21:58 Wheelbarrow
21:41 Fletching
22:03 Scale Barding Armor
22:37 Iron Casting
22:45 Husbandry
23:01 Bow Saw
24:39 Chain Barding Armor
29:56 Devotion
33:49 Imperial Age
32:13 Heavy Plow
Connection lost

Rejoining the realm…

Still unreachable

The connection could not be restored.

Session expired

The server has moved on; the page needs a fresh start.